 Dungeon Crawl Stone Soup version 0.18.1-48-g4cf74bf (webtiles) character file.

103 Joat the Cudgeler (level 4, -1/24 HPs)
             Began as a Vine Stalker Fighter on Sept 4, 2016.
             Slain by Grinder (4 damage)
             ... on level 3 of the Dungeon.
             The game lasted 00:06:00 (1779 turns).

Joat the Cudgeler (Vine Stalker Fighter)            Turns: 1779, Time: 00:06:00

Health: -1/24      AC:  9    Str: 19    XL:     4   Next: 79%
Magic:  0/5        EV:  7    Int:  8    God:
Gold:   141        SH:  9    Dex: 14    Spells: 0 memorised, 3 levels left

rFire  . . .     SeeInvis .     a - +0 flail
rCold  . . .     Gourm    .     b - +0 scale mail
rNeg   + . .     Faith    .     c - +0 shield
rPois  .         Spirit   +     o - +2 helmet
rElec  .         Dismiss  .     (no cloak)
rCorr  .         Reflect  .     (no gloves)
SustAt .         Harm     .     (no boots)
MR     .....                    (no amulet)
Stlth  ..........               (no ring)
                                q - ring of positive energy

@: not resistant to hostile enchantments, extremely unstealthy
A: fangs 2, regeneration 1, magic shield, antimagic bite, no device heal 3, rot
immunity
a: no special abilities


You were on level 3 of the Dungeon.
You were not hungry.

You visited 1 branch of the dungeon, and saw 3 of its levels.

You collected 141 gold pieces.

Inventory:

Hand Weapons
 a - a +0 flail (weapon)
Armour
 b - a +0 scale mail (worn)
 c - a +0 shield (worn)
 o - a +2 helmet (worn)
Jewellery
 q - a ring of positive energy (left hand)
Scrolls
 j - 2 scrolls of random uselessness {unknown}
 l - a scroll of fear {unknown}
 p - a scroll of identify {unknown}
Potions
 d - 2 potions of might
 e - a potion of invisibility {unknown}
 g - a potion of ambrosia {unknown}
 h - a potion of degeneration {unknown}
 i - 2 potions of heal wounds {unknown}
 k - a potion of cancellation {unknown}
 m - a potion of berserk rage {unknown}
Comestibles
 f - 3 bread rations


   Skills:
 + Level 3.1 Fighting
 + Level 3.6 Maces & Flails
 + Level 2.7 Armour
 + Level 2.9 Shields


You had 3 spell levels left.
You didn't know any spells.

Dungeon Overview and Level Annotations

Branches:
Dungeon (3/15)

Altars:

Annotations:
D:3 Grinder, Ijyb


Innate Abilities, Weirdness & Mutations

You have extremely sharp teeth.
Your natural rate of healing is unusually fast.
When hurt, damage is shared between your health and your magic reserves.
Your bite disrupts and absorbs the magic of your enemies.
Potions and wands cannot restore your health.
You are immune to rotting.


Message History

Grinder is severely wounded.
Grinder hits you but does no damage. Grinder hits you!
* * * LOW HITPOINT WARNING * * *
You barely miss Grinder.
Grinder is severely wounded.
You block Grinder's attack.
You barely miss Grinder. You bite Grinder.
Grinder's magic leaks into the air.
You drain his magic.
You feel invigorated.
Grinder is severely wounded.
Grinder gestures at you. Pain shoots through your body!
* * * LOW HITPOINT WARNING * * *
You sock Grinder! You bite Grinder.
Grinder's magic leaks into the air.
You drain his magic.
You feel invigorated.
Grinder is almost dead.
Grinder falters for a moment.
You hit Grinder.
Grinder is almost dead.
Grinder hits you but does no damage. Grinder hits you!
You die...

..#.#.. .. #.#...##
####. . #......# ..#.
.. . #......# ... ...
.. .......# ..#....
... #....# .......
....##....#####...#...
...........5@......)..
#..#.#.#...###......#
#.....<...## ......#
#..##..##.>..........
.. ...[#.......#.....
#.......$..........
####.###...... ....
#.# #).... .##. ..#


You could see Grinder.

Vanquished Creatures
  Robin (D:2)
  A gnoll (D:1)
  2 adders
  2 dart slugs (D:1)
  A giant gecko (D:2)
  2 giant cockroaches (D:1)
  20 goblins
  4 hobgoblins
  3 jackals (D:2)
  3 kobolds (D:1)
  A quokka (D:3)
  A ball python (D:3)
  7 bats
  A giant newt (D:3)
  8 rats
57 creatures vanquished.

Notes
Turn   | Place    | Note
--------------------------------------------------------------
     0 | D:1      | Joat the Vine Stalker Fighter began the quest for the Orb.
     0 | D:1      | Reached XP level 1. HP: 11/11 MP: 2/2
   113 | D:1      | Reached XP level 2. HP: 16/16 MP: 3/3
   471 | D:1      | Reached XP level 3. HP: 19/19 MP: 4/4
   608 | D:1      | You fall through a shaft!
  1411 | D:2      | Reached XP level 4. HP: 16/23 MP: 5/5
  1430 | D:2      | Noticed Robin
  1433 | D:2      | Killed Robin
  1698 | D:3      | Noticed Ijyb
  1698 | D:3      | Noticed Grinder
  1764 | D:3      | Paralysed by Grinder for 6 turns
  1779 | D:3      | Slain by Grinder

Skill      XL: |  1  2  3  4 |
---------------+-------------+-----
Maces & Flails | 2 3 |  3.6
Fighting       | 3 |  3.1
Armour         | |  2.7
Shields        | |  2.9

Action                   |  1- 3 |  4- 6 || total
-------------------------+-------+-------++-------
Melee: Flail             |   104 |    55 ||   159
       Bite              |    31 |    20 ||    51
  Eat: Chunk             |     2 |     1 ||     3
Armor: Scale mail        |    45 |    35 ||    80
Dodge: Dodged            |    35 |    22 ||    57
Block: Shield            |    50 |    25 ||    75
